 Dungeon Crawl Stone Soup version 0.19-a0-172-g3b1235c (webtiles) character file.

13 Duffy the Sneak (level 2, 0/13 HPs)
             Began as a Spriggan Enchanter on May 22, 2016.
             Slain by a hobgoblin
             ... wielding a +0 club
              (5 damage)
             ... on level 1 of the Dungeon.
             The game lasted 00:01:19 (831 turns).

Duffy the Sneak (Spriggan Enchanter)                 Turns: 831, Time: 00:01:19

Health: 0/13       AC:  3    Str:  4    XL:     2   Next: 24%
Magic:  6/6        EV: 18    Int: 16    God:
Gold:   40         SH:  0    Dex: 16    Spells: 2 memorised, 3 levels left

rFire  . . .     SeeInvis +     a - +1 dagger
rCold  . . .     Gourm    .     b - +1 robe
rNeg   . . .     Faith    .     (shield restricted)
rPois  .         Spirit   .     (helmet restricted)
rElec  .         Dismiss  .     (no cloak)
rCorr  .         Reflect  .     (gloves unavailable)
SustAt .         Harm     .     (boots unavailable)
MR     .....                    (no amulet)
Stlth  +++.......               (no ring)
                                (no ring)

@: very quick, not resistant to hostile enchantments, fairly stealthy
A: unfitting armour, see invisible, herbivore 3, speed 3, slow metabolism 2
a: no special abilities


You were on level 1 of the Dungeon.
You were not hungry.

You visited 1 branch of the dungeon, and saw 2 of its levels.

You collected 40 gold pieces.


Innate Abilities, Weirdness & Mutations

You are tiny and cannot use many weapons and most armour.
You have supernaturally acute eyesight.
You are a herbivore.
You cover ground extremely quickly.
You need consume almost no food.


   Skills:
 + Level 1.9 Short Blades
 - Level 3.0 Dodging
 - Level 5.0 Stealth
 + Level 2.7 Spellcasting
 - Level 3.6 Hexes


You had 3 spell levels left.
You knew the following spells:

 Your Spells              Type           Power        Failure   Level  Hunger
a - Ensorcelled Hibernat  Hex/Ice        #.....       14%         2    ##.....
r - Corona                Hex            ##.....      6%          1    #......

Inventory:

Hand Weapons
 a - a +1 dagger (weapon)
Armour
 b - a +1 robe (worn)
Scrolls
 e - a scroll of teleportation {unknown}
 f - a scroll of noise {unknown}
 g - a scroll of recharging {unknown}
 h - a scroll of fear {unknown}
Books
 c - a book of Maledictions
Comestibles
 d - a bread ration

Dungeon Overview and Level Annotations

Branches:
Dungeon (2/15)

Altars:


Message History

a club; a giant newt corpse
There is a large open door here.
You close the large door.
You start resting.
A hobgoblin opens the door.
It is wielding a club.
Memorise Ensorcelled Hibernation, consuming 2 spell levels and leaving 3?
You start memorising the spell.
You continue memorising. x2
You finish memorising.
Spell assigned to 'b'.
Adjust (i)tems, (s)pells, or (a)bilities?
Adjust which spell? b - Ensorcelled Hibernation Adjust to which letter? a - Ensorcelled Hibernation; b - Corona Adjust (i)tems, (s)pells, or (a)bilities?
Adjust which spell? b - Corona Adjust to which letter? r - Corona The hobgoblin shouts!
You hit the hobgoblin but do no damage. The hobgoblin completely misses you.
You barely miss the hobgoblin. The hobgoblin misses you.
You hit the hobgoblin but do no damage. The hobgoblin completely misses you.
You completely miss the hobgoblin. You hit the hobgoblin.
The hobgoblin is moderately wounded.
The hobgoblin closely misses you.
You barely miss the hobgoblin.
The hobgoblin is moderately wounded.
The hobgoblin closely misses you.
You barely miss the hobgoblin.
The hobgoblin is moderately wounded.
The hobgoblin hits you with a club.
You hit the hobgoblin.
The hobgoblin is heavily wounded.
The hobgoblin hits you but does no damage.
You hit the hobgoblin.
The hobgoblin is severely wounded.
You hit the hobgoblin but do no damage.
The hobgoblin is severely wounded.
The hobgoblin misses you.
You closely miss the hobgoblin.
The hobgoblin is severely wounded.
The hobgoblin closely misses you.
You hit the hobgoblin.
The hobgoblin is almost dead.
The hobgoblin barely misses you.
You hit the hobgoblin but do no damage.
The hobgoblin is almost dead.
The hobgoblin hits you with a club.
You die...

#.#
#.#.####....#.
#.##
#.#.#......g#.
#..#
#.#.#K##..#)#.
####''####.#.#
#....#)
#8......8#
##....#.
#~......~#
........
#0......~#
####..#.
#~......~#
........
#~..88@.~#
########
#00..g..~#
#~0.....~#
#~0.....~#
#8..<...8#
##########


You could see a hobgoblin.

Action                   || total
-------------------------++-------
Melee: Dagger            ||    82
 Stab: Sleeping          ||     1
Armor: Robe              ||    10
Dodge: Dodged            ||    76

Notes
Turn   | Place    | Note
--------------------------------------------------------------
     0 | D:1      | Duffy the Spriggan Enchanter began the quest for the Orb.
     0 | D:1      | Reached XP level 1. HP: 9/9 MP: 5/5
   569 | D:2      | Reached XP level 2. HP: 10/13 MP: 6/6
   574 | D:2      | Reached skill level 5 in Stealth
   815 | D:1      | Learned a level 2 spell: Ensorcelled Hibernation
   831 | D:1      | Slain by a hobgoblin

Skill      XL: |  1  2 |
---------------+-------+-----
Stealth        | 5 |  5.0
Short Blades   | |  1.9
Dodging        | |  3.0
Spellcasting   | |  2.7
Hexes          | |  3.6

Vault maps used:
D:1:      lightli_arrival_noodles

Vanquished Creatures
  A goblin
  2 hobgoblins
  4 jackals
  A bat
  2 giant newts
  2 rats
12 creatures vanquished.
